Map: Acid Plant LE

Players

GOStephano (Stephano) - Winner!

  • Race: Zerg Zerg
  • Spawn Location: 11:00

Rhizer

  • Race: Protoss Protoss
  • Spawn Location: 5:00

Event: WCS Austin 2018

VOD

Have the link to the VOD?

Description

Time

  • Played on: June 1, 2018, 2:48 p.m.
  • Length: 7:00

All games in this series

Show
View Real Time Build Order
Export as new Build Order

GOStephano Zerg - Winner!

Build Orders: Hatch First 

Get SALT Encoding   

  12  0:00  Drone  
  13  0:12  Overlord  
  13  0:17  Drone  
  14  0:31  Drone x2  
  16  0:48  Hatchery  
  15  0:51  Drone  
  15  0:54  Drone  
  17  0:58  Drone  
  18  1:10  Extractor  
  17  1:13  Spawning Pool  
  17  1:16  Drone  
  17  1:20  Drone  
  18  1:28  Drone  
  19  1:39  Drone  
  20  1:50  Drone  
  21  1:59  Queen  
  21  2:00  Queen  
  21  2:01  Overlord, Zergling x2  
  26  2:10  Drone  
  26  2:11  Drone  
  28  2:16  Metabolic Boost  
  28  2:21  Drone  
  29  2:23  Drone  
  30  2:33  Hatchery  
  29  2:39  Queen  
  31  2:44  Zergling x2  
  31  2:47  Overlord  
  32  2:51  Drone  
  32  2:52  Drone  
  32  2:54  Drone  
  35  3:01  Drone  
  36  3:09  Drone x2  
  36  3:10  Drone x2  
  36  3:12  Drone  
  41  3:13  Drone x3  
  44  3:21  Evolution Chamber, Overlord  
  43  3:29  Overlord  
  43  3:31  Spore Crawler  
  42  3:38  Queen  
  44  3:42  Drone x5  
  44  3:44  Drone  
  44  3:46  Drone  
  44  3:48  Drone  
  52  3:50  Zerg Melee Weapons Level 1  
  52  3:51  Drone  
  52  3:53  Drone  
  54  3:57  Drone  
  54  3:58  Drone  
  54  4:01  Overlord  
  55  4:13  Baneling Nest  
  55  4:16  Drone x3  
  57  4:18  Queen  
  57  4:22  Zergling x14  
  66  4:28  Spore Crawler  
  66  4:29  Spore Crawler, Zergling x6  
  67  4:32  Zergling x2  
  67  4:33  Zergling x2  
  69  4:41  Zergling x2  
  69  4:45  Zergling x2  
  69  4:46  Zergling x2  
  69  4:49  Zergling x2  
  69  4:50  Zergling x2  
  69  4:51  Overlord x2  
  73  4:53  Baneling Nest  
  73  4:57  Overlord  
  73  4:59  Queen  
  74  5:01  Overlord  
  74  5:04  Overlord  
  74  5:09  Zergling x8  
  74  5:12  Lair  
  74  5:16  Zergling x2  
  74  5:20  Zergling x4  
  77  5:23  Spine Crawler  
  77  5:26  Spine Crawler, Zergling x2  
  76  5:31  Zergling x6  
  76  5:34  Roach Warren  
  78  5:36  Baneling x4  
  78  5:37  Baneling x2  
  78  5:39  Zergling x2  
  78  5:40  Zergling x4  
  80  5:45  Baneling  
  80  5:47  Zergling x12  
  83  5:58  Zergling x10  
  83  6:03  Extractor  
  86  6:04  Extractor  
  79  6:14  Overlord x2  
  79  6:16  Zergling x2  
  79  6:17  Zergling x12  
  85  6:20  Spine Crawler  
  83  6:40  Zergling x14  
Show
View Real Time Build Order
Export as new Build Order

Rhizer Protoss 

Build Orders: 1 Gate Expand, Zealot Archon, Archon Drop, Dark Templar Rush 

Get SALT Encoding   

  12  0:01  Probe  
  13  0:13  Probe  
  14  0:21  Pylon  
  14  0:25  Probe  
  15  0:35  Probe  
  15  0:40  Gateway  
  16  0:43  Probe  
  16  0:48  Assimilator  
  17  0:53  Probe  
  18  1:05  Probe  
  19  1:17  Probe  
  20  1:24  Nexus  
  20  1:34  Cybernetics Core  
  20  1:36  Probe  
  21  1:43  Assimilator  
  21  1:48  Probe  
  21  1:52  Pylon  
  22  2:01  Probe  
  23  2:02  Adept  
  23  2:09  Probe  
  23  2:11  Warp Gate  
  26  2:17  Probe  
  27  2:27  Stalker, Probe  
  30  2:34  Twilight Council  
  30  2:36  Probe  
  31  2:40  Probe  
  32  2:48  Probe  
  32  2:51  Probe  
  33  2:58  Robotics Facility  
  34  2:59  Probe  
  34  3:00  Probe  
  36  3:07  Probe  
  36  3:12  Probe  
  38  3:14  Adept  
  38  3:19  Probe  
  41  3:21  Dark Shrine  
  41  3:25  Probe  
  41  3:27  Pylon  
  42  3:31  Probe  
  43  3:37  Probe  
  44  3:42  Warp Prism  
  44  3:46  Gateway x2  
  44  3:47  Gateway  
  45  3:54  Probe  
  47  3:56  Probe  
  47  4:01  Assimilator  
  48  4:04  Assimilator  
  48  4:06  Probe  
  48  4:09  Pylon  
  49  4:10  Probe  
  50  4:17  Adept  
  50  4:18  Probe  
  50  4:22  Pylon  
  50  4:23  Probe  
  54  4:31  Probe  
  54  4:37  Charge  
  55  4:43  Pylon  
  55  4:47  Dark Templar x4  
  63  5:01  Immortal  
  67  5:17  Gateway x2  
  67  5:18  Gateway  
  67  5:21  Gateway, Pylon  
  67  5:23  Sentry  
  67  5:24  Pylon  
  69  5:30  Immortal  
  68  5:43  Zealot x3  
  68  5:47  Zealot  
  76  5:57  Archon x2  
  74  6:05  Pylon  
  74  6:06  Pylon  
  70  6:12  Dark Templar x2  
  70  6:13  Observer, Dark Templar x2  
  78  6:19  Archon x2  
  79  6:26  Zealot  
  79  6:27  Zealot x3, Pylon  
  79  6:28  Pylon  
  79  6:53  Zealot x3  
  79  6:54  Zealot  
Tags
 
Add a new tag
Caveats
  • Supply blocks, unpowered buildings, or Contaminate may cause inaccurate times.
  • Supply counts are checked every 10 seconds.